 Dungeon Crawl Stone Soup version 0.18-b1-10-g3f7de93 (webtiles) character file.

393215 Chiseanne the Sorcerer (level 22, -10/155 HPs)
             Began as a Demonspawn Wizard on Apr 29, 2016.
             Was a Believer of Vehumet.
             Mangled by a centaur warrior (14 damage)
             ... on level 2 of the Depths.
             The game lasted 07:40:42 (50132 turns).

Chiseanne the Sorcerer (Demonspawn Wizard)         Turns: 50132, Time: 07:40:43

Health: -10/155    AC: 21    Str: 17    XL:     22   Next: 41%
Magic:  0/57       EV: 10    Int: 43    God:    Vehumet [**....]
Gold:   800        SH:  8    Dex: 20    Spells: 15 memorised, 10 levels left

rFire  + + .     SeeInvis +     d - staff of air
rCold  . . .     Gourm    .     h - +4 ring mail "Ylogatt" {rN+ Str+5 Int+4}
rNeg   + + .     Faith    .     Y - +2 buckler {reflect}
rPois  +         Spirit   +     (helmet unavailable)
rElec  +         Dismiss  .     C - +2 cloak {MR+}
rCorr  .         Reflect  +     K - +2 pair of gloves {Dex+3}
SustAt .         Harm     .     I - +0 pair of boots of Gelucs Mios {*Drain +Inv Str+4 Int+4}
MR     ++...                    F - amulet "Mamuc" {RegenMP Dex+5}
Stlth  ++........               X - ring of Toaqaf {+Blink +Fly rPois MP+9 SInv}
                                V - ring "Pefes" {rF+ Int+6 Slay+2}

@: very slightly contaminated, repel missiles, drained, very resistant to
hostile enchantments, unstealthy
A: horns 3, molten scales 3, negative energy resistance 1, spiny 2, 50% torment
resistance, magic shield, magic regeneration, magic link
a: Renounce Religion, Evoke Blink, Evoke Invisibility, Evoke Flight
}: 1/15 runes: gossamer


You were on level 2 of the Depths.
You worshipped Vehumet.
Vehumet was pleased with you.
You were not hungry.

You visited 8 branches of the dungeon, and saw 39 of its levels.
You also visited: Labyrinth, Ice Cave and Volcano.

You collected 20047 gold pieces.
You spent 8671 gold pieces at shops.
You paid 10576 gold pieces to Gozag.

Inventory:

Hand Weapons
 a - the +4 mace "Jyrenkad" {elec, *Rage +Inv rPois MR+++}
   (You found it on level 3 of the Elven Halls)

   Occasionally, upon striking a foe, it will discharge some electrical energy
   and cause terrible harm.
   It protects you from poison.
   It affects your resistance to hostile enchantments.
   It lets you turn invisible.
   It may make you go berserk in combat.
 g - the +3 rapier of Greed {pierce, rPois rC++ Int+4 Dex-2}
   (You found it on level 8 of the Lair of Beasts)

   It inflicts extra damage upon your enemies.
   It affects your intelligence (+4).
   It affects your dexterity (-2).
   It greatly protects you from cold.
   It protects you from poison.
Armour
 h - the +4 ring mail "Ylogatt" (worn) {rN+ Str+5 Int+4}
   (You bought it in a shop on level 11 of the Dungeon)

   It affects your strength (+5).
   It affects your intelligence (+4).
   It protects you from negative energy.
 C - a +2 cloak of magic resistance (worn)
 I - the +0 pair of boots of Gelucs Mios (worn) {*Drain +Inv Str+4 Int+4}
   (You bought it in a shop on level 4 of the Lair of Beasts)

   It affects your strength (+4).
   It affects your intelligence (+4).
   It lets you turn invisible.
   It causes draining when unequipped.
 K - a +2 pair of gloves of dexterity (worn)
 Y - a +2 buckler of reflection (worn)
Magical Staves
 d - an uncursed staff of air (weapon)
 f - an uncursed staff of wizardry
 s - an uncursed staff of power
Jewellery
 F - the amulet "Mamuc" (around neck) {RegenMP Dex+5}
   (You bought it in a shop on level 15 of the Dungeon)

   [amulet of magic regeneration]

   It increases your magic regeneration.
   It affects your dexterity (+5).
 V - the ring "Pefes" (left hand) {rF+ Int+6 Slay+2}
   (You found it on level 3 of the Elven Halls)

   [ring of slaying]

   It affects your intelligence (+6).
   It affects your accuracy and damage with ranged weapons and melee attacks
   (+2).
   It protects you from fire.
 X - the ring of Toaqaf (right hand) {+Blink +Fly rPois MP+9 SInv}
   (You took it off a deep elf demonologist on level 3 of the Elven Halls)

   [ring of see invisible]

   It protects you from poison.
   It affects your magic capacity (+9).
   It lets you see invisible.
   It lets you fly.
   It lets you blink.
Wands
 e - a wand of heal wounds (3/9)
 n - a wand of acid (4/15)
 x - a wand of disintegration (11/24)
 D - a wand of teleportation (3/9)
 P - a wand of iceblast (8/15)
Scrolls
 j - 5 scrolls of magic mapping
 p - a scroll of identify
 B - 4 scrolls of remove curse
 E - 5 scrolls of fog
Potions
 c - a potion of cure mutation
 m - 20 potions of curing
 q - 17 potions of flight
 t - 4 potions of resistance
 v - 7 potions of heal wounds
 w - 6 potions of ambrosia
 A - 5 potions of magic
 J - 10 potions of haste
 L - 5 potions of cancellation
 M - 2 potions of invisibility
 O - 5 potions of agility
Miscellaneous
 b - a lamp of fire
 i - a phial of floods (inert)
 l - a stone of tremors
 z - a fan of gales
Comestibles
 k - 19 meat rations
 r - a beef jerky
 G - 4 chunks of flesh
 Z - 6 bread rations


   Skills:
 - Level 8.4(8.2) Fighting
 - Level 5.0(4.8) Armour
 - Level 1.7(1.6) Dodging
 - Level 1.7(1.6) Stealth
 - Level 4.0(3.8) Shields
 * Level 22.1(21.9) Spellcasting
 * Level 16.2(15.9) Conjurations
 - Level 5.7(5.5) Charms
   Level 1.0(0.8) Summonings
 - Level 0.8(0.7) Translocations
 * Level 17.1(16.9) Fire Magic
 - Level 11.0(10.8) Evocations


You had 10 spell levels left.
You knew the following spells:

 Your Spells              Type           Power        Failure   Level  Hunger
a - Magic Dart            Conj           ####         0%          1    None
b - Iskenderun's Mystic   Conj           ########     0%          4    None
c - Dazzling Spray        Conj/Hex       #######.     1%          3    None
d - Lightning Bolt        Conj/Air       ########..   1%          5    None
e - Blink                 Tloc           N/A          1%          2    None
f - Conjure Flame         Conj/Fire      ########     0%          3    None
g - Repel Missiles        Chrm/Air       ######       1%          2    None
h - Iskenderun's Battles  Conj/Chrm      #######.     1%          5    None
i - Apportation           Tloc           ######....   1%          1    None
j - Searing Ray           Conj           ######       0%          2    None
k - Mephitic Cloud        Conj/Pois/Air  #######.     1%          3    None
l - Fireball              Conj/Fire      ########..   1%          5    None
m - Force Lance           Conj/Tloc      #######.     1%          4    None
n - Bolt of Fire          Conj/Fire      ########..   1%          6    None
o - Fire Storm            Conj/Fire      ########..   77%         9    ##.....


Dungeon Overview and Level Annotations

Branches:
Dungeon (15/15)            Temple (1/1) D:7            Lair (8/8) D:9
 Shoals (0/4) Lair:5       Spider (4/4) Lair:3        Slime (0/6) Lair:6
    Orc (2/2) D:11            Elf (3/3) Orc:2        Vaults (4/5) D:14
  Crypt (0/3) Vaults:3     Depths (2/5) D:15

Altars:
Ashenzari
Cheibriados
Dithmenos
Elyvilon
Fedhas
Gozag
Kikubaaqudgha
Makhleb
Nemelex Xobeh
Okawaru
Pakellas
Qazlal
Ru
Sif Muna
Trog
Vehumet
Xom
Yredelemnul
Zin
The Shining One
Beogh

Shops:
D:9 !*   D:11 [   D:13 }[   D:15 !?(=(   Orc:1 =   Orc:2 }=(*=   Lair:4 [
Vaults:3 (

Portals:
Hell: Depths:1
Trove: D:11 (give 18 scrolls of identify)

Annotations:
Elf:2 3 runed doors, 1 exclusion


Innate Abilities, Weirdness & Mutations

You have a pair of large horns on your head.
You are completely covered in molten scales (AC +4, EV -1, rF+).
You resist negative energy.
You are mostly covered in sharp spines.
You are somewhat able to resist unholy torments (1 in 2 success).
When hurt, damage is shared between your health and your magic reserves.
You regenerate magic rapidly.
When low on magic, you restore magic in place of health.


Message History

Read which item? (? for menu, Esc to quit)
As you read the scroll of fear, it crumbles to dust.
You assume a fearsome visage.
The fire dragon resists with some effort.
The spriggan air mage resists with almost no effort.
The vampire mage is unaffected.
The ettin looks frightened!
The entropy weaver looks frightened!
The frost giant resists with some effort.
The tengu warrior looks frightened!
The iron giant easily resists.
The fire giant resists with some effort.
The purple very ugly thing looks frightened!
The centaur warrior looks frightened!
The spriggan air mage resists with almost no effort.
The spark wasp looks frightened!
The wolf spider looks frightened!
The deep troll shaman looks frightened!
The yaktaur looks frightened!
The fire giant looks frightened!
The stone giant looks frightened!
The stone giant resists with some effort.
The centaur warrior rages.
The centaur warrior hits you!!
You die...

################
####......(.[(....#
##........C#).....###
#......#..###...y...#####
#......#.#####.......#..#
)†.≈≈.≈≈## #..#C........
...≈.#C## #...#C......##
....E≈## #C...@ci.....##
...≈≈##
#.###T.#c..(...### ...≈##
.# ..#Cs#i.....#.# .#.##
#..CcDuu#p......# ..##
.....C...........# .##
#......CQ#..#.....# ##
.... ..V..#..#....# #
..........#...#...# ...#.
#..#


You could see an iron giant, a frost giant, a purple very ugly thing (fleeing),
2 fire giants, a fire dragon (berserk), 2 stone giants, an entropy weaver
(fleeing), a cyan ugly thing (berserk), an ettin (fleeing), a spark wasp
(fleeing), a tengu warrior (fleeing), a wolf spider shaped shifter (fleeing), 2
centaur warriors, a vampire mage, 2 spriggan air magi, a deep troll shaman
(fleeing) and a yaktaur (fleeing).

Vanquished Creatures
  Mennas (Vaults:3)
  Norris (Spider:3)
  Margery (Vaults:4)
  Jorgrun (Vaults:3)
  Rupert (Lair:5)
  A deep elf blademaster (Elf:3)
  A deep elf master archer (Elf:3)
  A titan (Depths:2)
  2 sphinxes (Vaults:3)
  The ghost of barb4r1an the Severer, an adept MiBe of Trog (Spider:2)
  Agnes (Spider:4)
  A fire giant (Vaults:3)
  Wiglaf (Vaults:4)
  Maud (Lair:7)
  15 vault wardens
  2 frost giants
  3 ghost moths (Spider:4)
  10 deep elf sorcerers
  Aizul (Elf:3)
  3 emperor scorpions
  3 deep elf elementalists (Elf:3)
  A spriggan defender (Depths:2)
  5 stone giants
  A war gargoyle (Vaults:3)
  13 ironheart preservers
  5 deep elf demonologists
  5 very ugly things
  4 deep elf annihilators (Elf:3)
  5 spark wasps
  A salamander stormcaller (Vaults:4)
  The ghost of juanjsm the Imperceptible, a journeyman SpEn of Ashenzari (Orc:2)
  5 vault guards
  3 ettins
  4 deep elf death magi (Elf:3)
  12 deep elf high priests (Elf:3)
  8 yaktaur captains
  A great orb of eyes (Depths:1)
  4 fire dragons
  6 entropy weavers
  Fannar (D:12)
  3 rakshasas
  A spriggan air mage (Depths:2)
  7 hydras
  2 ice dragons
  A catoblepas (D:14)
  8 centaur warriors
  19 ogre magi
  A death knight (Vaults:3)
  2 hell hogs (shapeshifter)
  2 vampire magi
  7 tengu warriors
  4 deep troll shamans
  5 death yaks (Lair:5)
  An orc high priest (Orc:2)
  6 deep troll earth magi
  2 hell knights (Vaults:4)
  11 deep elf knights
  A fire crab (shapeshifter) (Vaults:1)
  2 iron trolls (Depths:1)
  A fire crab (Vaults:3)
  10 deep trolls
  3 unseen horrors
  A giant orange brain (shapeshifter) (Vaults:1)
  2 wizards
  2 flayed ghosts
  A giant orange brain (Vaults:1)
  18 ironbrand convokers
  2 lindwurms (Lair:8)
  11 deep elf archers
  14 hill giants
  7 necromancers
  A phantasmal warrior (Vaults:3)
  17 orc knights
  A griffon (shapeshifter) (Elf:3)
  10 orb spiders
  A lindwurm (shapeshifter) (D:14)
  A harpy (Vaults:2)
  29 wolf spiders
  38 deep elf magi
  A manticore (D:15)
  16 ugly things
  6 orc sorcerers
  A human zombie (Vaults:1)
  8 griffons
  5 cyclopes
  A hornet (shapeshifter) (D:15)
  6 hornets
  3 salamanders (Vaults:4)
  A human skeleton (Vaults:1)
  4 centaur zombies
  An octopode (shapeshifter) (Vaults:3)
  17 elephants (Lair:4)
  16 vault sentinels
  5 torpor snails (Lair:8)
  4 gargoyles
  4 black mambas
  2 ice statues (IceCv)
  17 spiny frogs
  39 yaktaurs
  4 kobold demonologists (D:15)
  7 komodo dragons
  2 rime drakes
  A rime drake (shapeshifter) (Elf:3)
  9 demonic crawlers
  An efreet (D:13)
  3 freezing wraiths
  7 ice devils (IceCv)
  A redback zombie (D:15)
  4 tengu conjurers
  2 queen bees
  10 jumping spiders
  13 blink frogs
  A harpy skeleton (D:15)
  38 two-headed ogres
  4 giant leeches (Lair:8)
  2 polar bears
  20 trolls
  16 slime creatures
  A wolf spider simulacrum (D:15)
  3 boulder beetles
  A blink frog (shapeshifter) (Vaults:1)
  2 centaur simulacra
  A flying skull (Vaults:3)
  An air elemental (Elf:3)
  3 human simulacra
  29 redbacks
  A vampire (D:13)
  2 shadows (D:15)
  2 redbacks (shapeshifter)
  2 tarantellas (shapeshifter) (Vaults:3)
  5 wyverns
  5 wraiths
  6 tarantellas
  3 water elementals
  A fire elemental (Depths:1)
  A human (D:7)
  48 yaks
  2 hogs (Volcano)
  A fire bat (Volcano)
  A golden eye (shapeshifter) (Vaults:4)
  2 basilisks
  3 hippogriffs
  17 vampire mosquitoes
  A hungry ghost (D:13)
  6 mottled dragons
  10 wargs
  10 water moccasins
  10 porcupines
  2 swamp drakes (Lair:8)
  A giant eyeball (shapeshifter) (Depths:1)
  3 sky beasts
  2 ice beasts
  2 phantoms (D:7)
  46 orc warriors
  9 wasps
  2 elf zombies (Vaults:1)
  2 necrophages
  74 ogres
  An eye of draining (D:8)
  9 boggarts
  An ogre (shapeshifter) (Vaults:2)
  15 centaurs
  An orc skeleton (Vaults:1)
  11 crocodiles
  8 big kobolds
  A wyvern zombie (D:12)
  17 giant frogs
  3 gnoll sergeants
  A wyvern skeleton (D:10)
  45 killer bees
  8 scorpions
  11 wights
  2 vampire bats (D:6)
  13 howler monkeys
  12 crimson imps
  2 giant frog zombies
  A quasit (D:10)
  A wasp zombie (D:14)
  4 hounds
  29 orc priests
  8 centaur skeletons
  2 draconian simulacra (IceCv)
  2 giant frog skeletons
  Crazy Yiuf (D:3)
  3 jellies
  22 orc wizards
  Jessica (D:3)
  9 iguanas
  Ijyb (D:3)
  4 troll simulacra (IceCv)
  A killer bee zombie (D:7)
  13 worker ants
  A sheep (shapeshifter) (D:15)
  4 sheep (D:7)
  2 hound zombies
  2 hound skeletons
  15 gnolls
  12 adders
  30 river rats
  3 ogre simulacra (IceCv)
  5 shadow imps
  4 oozes
  An adder skeleton (D:8)
  20 worms
  2 dart slugs (D:1)
  4 giant geckos
  122 orcs
  2 bat skeletons (D:6)
  4 bat zombies (D:6)
  7 giant cockroaches
  11 goblins
  7 hobgoblins
  15 jackals
  21 kobolds
  5 quokkas
  2 ball pythons
  7 bats
  A giant gecko zombie (D:6)
  5 giant newts
  A jackal skeleton (D:4)
  A quokka zombie (D:8)
  7 rats
  9 fungi
  22 plants
1634 creatures vanquished.

Vanquished Creatures (collateral kills)
  Frederick (Vaults:3)
  An orc warlord (Orc:1)
  2 deep elf sorcerers
  An ironheart preserver (Vaults:3)
  A vampire knight (Vaults:3)
  A deep elf annihilator (Elf:3)
  A minotaur (Lab)
  An entropy weaver (Spider:4)
  A centaur warrior (Vaults:3)
  An orc knight (Vaults:3)
  A wolf spider (Spider:4)
  A deep elf mage (Vaults:3)
  A vault sentinel (Vaults:3)
  A demonic crawler (Spider:4)
  A jumping spider (Lair:3)
  2 tarantellas (Spider:4)
  An orc (Vaults:3)
19 creatures vanquished.

Vanquished Creatures (others)
  A deep elf master archer (Elf:3)
  A deep elf elementalist (Elf:3)
  2 stone giants
  2 yaktaur captains (Vaults:4)
  10 dancing weapons
  An elephant (Lair:4)
  3 yaktaurs
  2 yaks
  A crocodile (Lair:8)
  A killer bee (D:8)
  53 fungi
  53 plants
130 creatures vanquished.

Grand Total: 1783 creatures vanquished

Notes
Turn   | Place    | Note
--------------------------------------------------------------
     0 | D:1      | Chiseanne the Demonspawn Wizard began the quest for the Orb.
     0 | D:1      | Reached XP level 1. HP: 13/13 MP: 4/4
   215 | D:1      | Gained mutation: When hurt, damage is shared between your health and your magic reserves. [demonic ancestry]
   215 | D:1      | Reached XP level 2. HP: 16/19 MP: 1/6
   928 | D:1      | Learned a level 2 spell: Blink
  1341 | D:1      | Gained mutation: You regenerate magic rapidly. [demonic ancestry]
  1341 | D:1      | Reached XP level 3. HP: 24/24 MP: 5/7
  1613 | D:2      | Learned a level 2 spell: Repel Missiles
  1617 | D:2      | Learned a level 3 spell: Mephitic Cloud
  2012 | D:2      | You fall through a shaft!
  2266 | D:2      | Reached XP level 4. HP: 30/30 MP: 3/9
  2560 | D:3      | Noticed Ijyb
  2585 | D:3      | Killed Ijyb
  2641 | D:3      | Reached skill level 4 in Spellcasting
  2713 | D:3      | Reached XP level 5. HP: 20/35 MP: 3/11
  3505 | D:3      | Noticed Crazy Yiuf
  3725 | D:3      | Killed Crazy Yiuf
  3725 | D:3      | Reached skill level 1 in Shields
  3794 | D:3      | Noticed Jessica
  3797 | D:3      | Gained mutation: You are partially covered in sharp spines. [demonic ancestry]
  3797 | D:3      | Reached XP level 6. HP: 41/41 MP: 6/12
  3803 | D:3      | Killed Jessica
  4133 | D:4      | Learned a level 2 spell: Searing Ray
  4137 | D:4      | Learned a level 3 spell: Conjure Flame
  4366 | D:4      | Found a shimmering altar of Xom.
  4454 | D:4      | Found a blossoming altar of Fedhas.
  4454 | D:4      | Found a burning altar of Makhleb.
  4616 | D:4      | Found a stormy altar of Qazlal.
  4868 | D:5      | Entered Level 5 of the Dungeon
  4885 | D:5      | Gained mutation: You are partially covered in molten scales (AC +1). [demonic ancestry]
  4885 | D:5      | Reached XP level 7. HP: 46/46 MP: 13/13
  5076 | D:5      | Reached skill level 5 in Spellcasting
  5108 | D:5      | Found an iron altar of Okawaru.
  5118 | D:5      | Reached skill level 5 in Conjurations
  5235 | D:5      | Got a smoking blowgun
  5302 | D:5      | Found a sacrificial altar of Ru.
  5669 | D:5      | Learned a level 3 spell: Dazzling Spray
  5993 | D:6      | Reached skill level 1 in Armour
  6014 | D:6      | Gained mutation: When low on magic, you restore magic in place of health. [demonic ancestry]
  6014 | D:6      | Reached XP level 8. HP: 52/52 MP: 11/16
  6457 | D:6      | Reached skill level 5 in Armour
  6757 | D:6      | Found an ancient bone altar of Kikubaaqudgha.
  6923 | D:6      | Reached skill level 6 in Spellcasting
  7164 | D:7      | Got a smelly ring mail
  7236 | D:7      | Gained mutation: You have a pair of small horns on your head. [demonic ancestry]
  7236 | D:7      | Reached XP level 9. HP: 51/57 MP: 12/18
  7321 | D:7      | Found a deep blue altar of Sif Muna.
  7341 | D:7      | Identified Sif Muna's Tome of Transmigration
  7432 | D:7      | Reached skill level 7 in Spellcasting
  7612 | D:7      | Found a sacrificial altar of Ru.
  7880 | D:7      | Found a staircase to the Ecumenical Temple.
  7896 | Temple   | Entered the Ecumenical Temple
  7919 | Temple   | Became a worshipper of Gozag Ym Sagoz the Greedy
  8132 | D:7      | Found a glowing golden altar of the Shining One.
  8163 | D:7      | Reached skill level 8 in Spellcasting
  8655 | D:8      | Reached XP level 10. HP: 63/63 MP: 22/22
  8783 | D:8      | Found a bloodstained altar of Trog.
  9130 | D:8      | Found a shadowy altar of Dithmenos.
  9445 | D:9      | Reached skill level 9 in Spellcasting
  9464 | D:9      | Reached skill level 10 in Conjurations
  9531 | D:9      | Found Zaxkygga's Elemental Accessories.
  9564 | D:9      | Found a snail-covered altar of Cheibriados.
  9774 | D:9      | Found Benank's Distillery.
  9777 | D:9      | Bought a potion of magic for 104 gold pieces
  9777 | D:9      | Bought a potion of haste for 130 gold pieces
  9777 | D:9      | Bought a potion of cancellation for 104 gold pieces
  9777 | D:9      | Bought a potion of curing for 39 gold pieces
  9777 | D:9      | Bought a potion of curing for 39 gold pieces
  9777 | D:9      | Bought a potion of curing for 39 gold pieces
  9777 | D:9      | Bought a potion of flight for 39 gold pieces
  9777 | D:9      | Bought a potion of magic for 104 gold pieces
  9777 | D:9      | Bought a potion of curing for 39 gold pieces
  9777 | D:9      | Bought a potion of flight for 39 gold pieces
  9777 | D:9      | Bought a potion of flight for 39 gold pieces
  9945 | D:9      | Found a sparkling altar of Nemelex Xobeh.
 10024 | D:9      | Found a radiant altar of Vehumet.
 10297 | D:9      | Found a staircase to the Lair.
 10327 | D:10     | Entered Level 10 of the Dungeon
 10420 | D:10     | Learned a level 5 spell: Iskenderun's Battlesphere
 10790 | D:10     | Noticed a hill giant
 10805 | D:10     | Killed a hill giant
 10805 | D:10     | Reached skill level 10 in Spellcasting
 11291 | D:11     | Gained mutation: You are mostly covered in sharp spines. [demonic ancestry]
 11291 | D:11     | Reached XP level 11. HP: 62/68 MP: 16/25
 11399 | D:11     | Reached skill level 1 in Charms
 12119 | D:11     | Found a staircase to the Orcish Mines.
 12192 | D:11     | Bought a +1 buckler of reflection for 216 gold pieces
 12262 | D:11     | Noticed a vault guard
 12272 | D:11     | Killed a vault guard
 12272 | D:11     | Reached skill level 5 in Charms
 12343 | D:11     | Found a portal to a secret trove of treasure.
 12608 | D:11     | Noticed a red ugly thing
 12648 | D:11     | Killed a red ugly thing
 13023 | Orc:1    | Entered Level 1 of the Orcish Mines
 13245 | D:11     | Bought a +2 pair of gloves of dexterity for 344 gold pieces
 13390 | Orc:2    | Entered Level 2 of the Orcish Mines
 13390 | Orc:2    | Found a labyrinth entrance.
 13390 | Orc:2    | Noticed an orc sorcerer
 13394 | Orc:2    | Noticed juanjsm's ghost (journeyman SpEn)
 13395 | Orc:2    | Noticed an orc warlord
 13395 | Orc:2    | Killed an orc sorcerer
 13399 | Orc:2    | Noticed an orc sorcerer
 13402 | Lab      | Entered a labyrinth
 14429 | Lab      | Noticed a minotaur
 14454 | Lab      | Killed a minotaur
 14454 | Lab      | Reached skill level 11 in Spellcasting
 15170 | D:12     | Noticed a hill giant
 15176 | D:12     | Killed a hill giant
 15176 | D:12     | Reached XP level 12. HP: 74/74 MP: 17/27
 15217 | D:12     | Noticed Fannar
 15284 | D:12     | HP: 2/74 [Fannar/Ozocubu's Refrigeration (12)]
 15709 | D:12     | Killed Fannar
 16591 | D:13     | Reached skill level 12 in Spellcasting
 16836 | D:13     | Learned a level 1 spell: Apportation
 16921 | D:13     | Noticed a centaur warrior
 16929 | D:13     | Killed a centaur warrior
 17385 | D:13     | Found a basalt altar of Yredelemnul.
 17773 | D:13     | Found Yschaclao's Gadget Shop.
 17894 | D:13     | Identified the +2 ring mail of a ziggurat {Int+4} (You found it on level 7 of the Dungeon)
 17938 | D:13     | Identified the +2 blowgun of Famine {speed, rPois MR+ Stlth+} (You found it on level 5 of the Dungeon)
 18070 | D:14     | Reached skill level 13 in Spellcasting
 18073 | D:14     | Noticed a rakshasa
 18463 | D:13     | Bought a +0 cloak of magic resistance for 115 gold pieces
 18478 | D:14     | Noticed a catoblepas
 18622 | D:14     | Killed a catoblepas
 18654 | D:14     | Gained mutation: You have a pair of horns on your head. [demonic ancestry]
 18654 | D:14     | Reached XP level 13. HP: 79/79 MP: 28/30
 19281 | D:14     | Learned a level 4 spell: Iskenderun's Mystic Blast
 19428 | D:14     | Learned a level 5 spell: Lightning Bolt
 19617 | D:14     | Reached skill level 14 in Spellcasting
 20093 | D:14     | Paralysed by a wizard for 6 turns
 20269 | D:14     | Found a gate to the Vaults.
 20577 | D:15     | Entered Level 15 of the Dungeon
 20628 | D:15     | Reached skill level 15 in Spellcasting
 22039 | D:15     | Reached skill level 16 in Spellcasting
 22153 | D:15     | Reached XP level 14. HP: 75/85 MP: 3/34
 22251 | D:15     | Got a crude morningstar
 22252 | D:15     | Identified the +7 morningstar of the Nexus {distort, *Corrode MR+++ Str-2 Int+2} (You found it on level 15 of the Dungeon)
 22415 | D:15     | Got a blackened spear
 22432 | D:15     | Found a staircase to the Depths.
 22614 | D:15     | Reached skill level 1 in Fighting
 23160 | Orc:2    | Found Kuitseck's Jewellery Shop.
 23639 | Orc:1    | Bought a cursed -2 ring of dexterity for 24 gold pieces
 23662 | Orc:1    | Reached skill level 5 in Fighting
 24402 | Orc:1    | Bought a +4 ring of slaying for 936 gold pieces
 24516 | Lair:1   | Entered Level 1 of the Lair of Beasts
 24554 | Lair:1   | Identified the +11 spear "Bonupnuz" {freeze, *Corrode Str+8 Stlth+} (You found it on level 15 of the Dungeon)
 25083 | Lair:2   | Found a frozen archway.
 25090 | IceCv    | Entered an ice cave
 25702 | Lair:2   | Got a bloodstained hunting sling
 25703 | Lair:2   | Identified the cursed +0 hunting sling "Orb Guardian's Regret" {speed, rElec Str+6} (You found it on level 2 of the Lair of Beasts)
 25722 | Lair:2   | Learned a level 5 spell: Fireball
 26027 | Lair:2   | Got a smoking short sword
 26036 | Lair:2   | Identified the +7 short sword "Kusal" {flame, rN+} (You found it on level 2 of the Lair of Beasts)
 26811 | Lair:3   | Found a hole to the Spider Nest.
 27596 | Lair:4   | Reached XP level 15. HP: 112/112 MP: 14/35
 27700 | Lair:4   | Got a crude flail
 27702 | Lair:4   | Identified the +11 flail "Gizaklaz" {flame, -Tele +Inv rC+} (You found it on level 4 of the Lair of Beasts)
 27936 | Lair:4   | Reached skill level 17 in Spellcasting
 28016 | Lair:4   | Bought a runed hat for 148 gold pieces
 28478 | Lair:5   | Noticed Rupert
 28485 | Lair:5   | Killed Rupert
 29144 | Lair:5   | Identified the Handbook of Attacks
 29150 | Lair:5   | Learned a level 4 spell: Force Lance
 29314 | Lair:5   | Found a staircase to the Shoals.
 29466 | Lair:6   | Found a staircase to the Slime Pits.
 29860 | Lair:7   | Noticed Maud
 29870 | Lair:7   | Killed Maud
 30298 | Lair:8   | Entered Level 8 of the Lair of Beasts
 30380 | Lair:8   | Reached skill level 15 in Conjurations
 30449 | Lair:8   | Found a dark tunnel.
 30455 | Volcano  | Entered a volcano
 30828 | Lair:8   | Got a steaming pewter ring
 30830 | Lair:8   | Identified the ring of Xom's Generosity {rF++ rC- Int-2 Dex+4 SInv} (You found it on level 8 of the Lair of Beasts)
 31133 | Lair:8   | Found a runed door.
 31502 | Lair:8   | Got a faintly glowing rapier
 31506 | Lair:8   | Identified the +3 rapier of Greed {pierce, rPois rC++ Int+4 Dex-2} (You found it on level 8 of the Lair of Beasts)
 32047 | Lair:5   | Reached skill level 18 in Spellcasting
 32092 | Lair:4   | Bought a pair of ichor-stained boots for 351 gold pieces
 32094 | Lair:4   | Identified the cursed +0 pair of boots of Gelucs Mios {*Drain +Inv Str+4 Int+4} (You bought it in a shop on level 4 of the Lair of Beasts)
 32114 | Lair:4   | Learned a level 6 spell: Bolt of Fire
 32452 | D:14     | Reached skill level 1 in Fire Magic
 32516 | D:11     | Bought the +4 ring mail "Ylogatt" {rN+ Str+5 Int+4} for 865 gold pieces
 32583 | Orc:2    | Found Xepolyuf's Gadget Boutique.
 32646 | Orc:1    | Gained mutation: You are mostly covered in molten scales (AC +3, EV -1). [demonic ancestry]
 32646 | Orc:1    | Reached XP level 16. HP: 95/118 MP: 0/38
 32792 | Orc:1    | Found a roughly hewn altar of Beogh.
 33056 | Orc:2    | Killed juanjsm's ghost
 33056 | Orc:2    | Reached skill level 5 in Fire Magic
 33265 | Orc:2    | Found Mawer's Antique Weapon Shop.
 33412 | Orc:2    | Found Yteone's Jewellery Shoppe.
 33447 | Orc:2    | Found Dueh's Assorted Antiques.
 33451 | Orc:2    | Bought a cursed -4 ring of evasion for 28 gold pieces
 33470 | Orc:2    | Bought a potion of heal wounds for 100 gold pieces
 33470 | Orc:2    | Bought a potion of agility for 80 gold pieces
 33470 | Orc:2    | Bought 2 fuming purple potions for 36 gold pieces
 33470 | Orc:2    | Bought a potion of curing for 60 gold pieces
 33470 | Orc:2    | Bought a potion of agility for 80 gold pieces
 33470 | Orc:2    | Bought a scroll of remove curse for 60 gold pieces
 33596 | Orc:2    | Found a staircase to the Elven Halls.
 33841 | Elf:1    | Entered Level 1 of the Elven Halls
 33866 | Elf:2    | Reached skill level 1 in Evocations
 34174 | Elf:2    | Found a runed gate.
 34174 | Elf:2    | Found a runed gate.
 34485 | Elf:2    | Reached skill level 5 in Evocations
 34570 | Elf:3    | Entered Level 3 of the Elven Halls
 34621 | Elf:2    | Found a runed gate.
 34699 | Elf:2    | Found Vowuc's Food Boutique.
 34719 | Elf:2    | Bought a slice of pizza for 16 gold pieces
 34719 | Elf:2    | Bought a fruit for 16 gold pieces
 34719 | Elf:2    | Bought a slice of pizza for 16 gold pieces
 34987 | Elf:3    | Noticed Aizul
 35002 | Elf:3    | Got a jewelled mace
 35004 | Elf:3    | Gained mutation: You are completely covered in molten scales (AC +4, EV -1, rF+). [demonic ancestry]
 35004 | Elf:3    | Reached XP level 17. HP: 94/124 MP: 17/39
 35005 | Elf:3    | Gained mutation: You have a pair of large horns on your head. [demonic ancestry]
 35005 | Elf:3    | Reached XP level 18. HP: 99/130 MP: 18/40
 35129 | Elf:3    | Got a serpentine tin ring
 35133 | Elf:3    | Got a bloodstained eveningstar
 35330 | Elf:3    | Got an ancient lapis lazuli ring
 35353 | Elf:3    | Reached skill level 10 in Evocations
 35364 | Elf:3    | Got a brightly glowing diamond amulet
 35406 | Elf:3    | Identified the amulet "Raoker" {Gourm +Fly Int+4} (You took it off a deep elf demonologist on level 3 of the Elven Halls)
 35409 | Elf:3    | Identified the ring "Pefes" {rF+ Int+6 Slay+2} (You found it on level 3 of the Elven Halls)
 35411 | Elf:3    | Identified the ring of Toaqaf {+Blink +Fly rPois MP+9 SInv} (You took it off a deep elf demonologist on level 3 of the Elven Halls)
 35435 | Elf:3    | Killed Aizul
 35831 | Elf:3    | Reached XP level 19. HP: 126/136 MP: 27/41
 36168 | Elf:3    | Got an amethyst-encrusted ring mail
 36176 | Elf:3    | Reached skill level 10 in Fire Magic
 37099 | D:15     | Learned a level 9 spell: Fire Storm
 37136 | D:15     | Identified the +6 ring mail of Feasting {-Tele rC+++ MP+9 SInv} (You took it off a deep elf high priest on level 3 of the Elven Halls)
 37234 | D:15     | Bought a scroll of identify for 34 gold pieces
 37234 | D:15     | Bought a scroll of identify for 34 gold pieces
 37234 | D:15     | Bought a scroll of summoning for 161 gold pieces
 37234 | D:15     | Bought a scroll of fog for 34 gold pieces
 37239 | D:15     | Identified the +4 mace "Jyrenkad" {elec, *Rage +Inv rPois MR+++} (You found it on level 3 of the Elven Halls)
 37240 | D:15     | Identified the +7 eveningstar of Purpose {flame, Str+5} (You found it on level 3 of the Elven Halls)
 37498 | D:11     | Bought the +3 robe of Clouds {+Fly rElec} for 508 gold pieces
 37846 | Spider:1 | Entered Level 1 of the Spider Nest
 38587 | Spider:2 | Noticed barb4r1an's ghost (adept MiBe)
 38601 | Spider:2 | Killed barb4r1an's ghost
 38960 | Spider:3 | Noticed Norris
 38968 | Spider:3 | Killed Norris
 38999 | Spider:4 | Entered Level 4 of the Spider Nest
 39027 | Spider:4 | Reached skill level 19 in Spellcasting
 39105 | Spider:4 | Noticed Agnes
 39109 | Spider:4 | Killed Agnes
 39541 | Spider:4 | Identified a scroll of acquirement
 39879 | Spider:4 | Got a gossamer rune of Zot
 40308 | D:15     | Bought the amulet "Mamuc" {RegenMP Dex+5} for 997 gold pieces
 40308 | D:15     | Bought a cursed -6 ring of intelligence for 42 gold pieces
 40426 | Vaults:1 | Entered Level 1 of the Vaults
 40522 | Vaults:1 | Gained mutation: You resist negative energy. [demonic ancestry]
 40522 | Vaults:1 | Reached XP level 20. HP: 125/143 MP: 22/43
 41885 | Vaults:1 | Reached skill level 20 in Spellcasting
 42312 | Vaults:2 | Got a warped leather armour
 42313 | Vaults:2 | Identified the cursed +0 leather armour of Anaesthesia {*Confuse rElec Int+2} (You found it on level 2 of the Vaults)
 43698 | Vaults:3 | Noticed Jorgrun
 43702 | Vaults:3 | Killed Jorgrun
 43741 | Vaults:3 | Found Annoemup's Weapon Emporium.
 43882 | Vaults:3 | Noticed Frederick
 43900 | Vaults:3 | Killed Frederick
 44292 | Vaults:2 | Gained mutation: You are somewhat able to resist unholy torments (1 in 2 success). [demonic ancestry]
 44292 | Vaults:2 | Reached XP level 21. HP: 119/148 MP: 41/45
 44675 | Vaults:3 | Reached skill level 15 in Fire Magic
 44721 | Vaults:3 | Reached skill level 21 in Spellcasting
 45113 | Vaults:3 | Noticed Mennas
 45129 | Vaults:3 | Killed Mennas
 45689 | Vaults:3 | Found a staircase to the Crypt.
 46112 | Vaults:3 | Got a coiled jade ring
 46150 | Vaults:3 | Identified the ring "Nirustac" {*Tele Dex+4} (You found it on level 3 of the Vaults)
 46273 | Vaults:4 | Noticed Margery
 46278 | Vaults:4 | Killed Margery
 46592 | Vaults:4 | Noticed Wiglaf
 46598 | Vaults:4 | Killed Wiglaf
 47772 | D:15     | Bought a blackened hunting sling for 208 gold pieces
 47772 | D:15     | Bought a warped long sword for 272 gold pieces
 47772 | D:15     | Identified the +8 hunting sling of the Spider Nest {velocity, Fragile rPois rF++} (You bought it in a shop on level 15 of the Dungeon)
 47775 | D:15     | Identified the +5 long sword "Woudorgh" {venom, rN+ MR- Int+4} (You bought it in a shop on level 15 of the Dungeon)
 47784 | D:15     | Bought a potion of cure mutation for 350 gold pieces
 47784 | D:15     | Bought a potion of curing for 42 gold pieces
 47784 | D:15     | Bought a potion of ambrosia for 112 gold pieces
 47784 | D:15     | Bought a potion of magic for 112 gold pieces
 47784 | D:15     | Bought a potion of flight for 42 gold pieces
 47784 | D:15     | Bought a potion of agility for 56 gold pieces
 47784 | D:15     | Bought a potion of curing for 42 gold pieces
 47784 | D:15     | Bought a potion of curing for 42 gold pieces
 47784 | D:15     | Bought a potion of haste for 140 gold pieces
 47784 | D:15     | Bought a potion of agility for 56 gold pieces
 47784 | D:15     | Bought 2 potions of heal wounds for 140 gold pieces
 47819 | D:15     | Reached XP level 22. HP: 140/155 MP: 44/47
 47910 | D:13     | Bought a wand of heal wounds (3/9) for 546 gold pieces
 48169 | Elf:2    | Bought a meat ration for 55 gold pieces
 48169 | Elf:2    | Bought a meat ration for 55 gold pieces
 48169 | Elf:2    | Bought a meat ration for 55 gold pieces
 48169 | Elf:2    | Bought a meat ration for 55 gold pieces
 48169 | Elf:2    | Bought a bread ration for 55 gold pieces
 48169 | Elf:2    | Bought a meat ration for 55 gold pieces
 48169 | Elf:2    | Bought a meat ration for 55 gold pieces
 48169 | Elf:2    | Bought a bread ration for 55 gold pieces
 48169 | Elf:2    | Bought a meat ration for 55 gold pieces
 48386 | D:9      | Fell from the grace of Gozag
 48386 | D:9      | Became a worshipper of Vehumet
 48561 | Depths:1 | Entered Level 1 of the Depths
 48571 | Depths:1 | Found a gateway to Hell.
 49035 | Depths:1 | Reached * piety under Vehumet
 49035 | Depths:1 | Offered knowledge of Flame Tongue by Vehumet.
 49251 | Depths:1 | Reached skill level 22 in Spellcasting
 50089 | Depths:2 | Reached ** piety under Vehumet
 50093 | Depths:2 | Offered knowledge of Sandblast by Vehumet.
 50131 | Depths:2 | HP: 4/155 [spriggan air mage/the air (6)]
 50132 | Depths:2 | Mangled by a centaur warrior

Skill      XL: |  1  2  3  4  5  6  7  8  9 10 11 12 13 14 15 16 17 18 19 20 21 22 |
---------------+-------------------------------------------------------------------+-----
Conjurations   | 2 3 4 5 6 9 10 12 13 15 16 | 16.2
Spellcasting   | 4 5 6 8 10 11 13 16 18 19 20 21 22 | 22.1
Shields        | 2 4 |  4.0
Armour         | 2 5 |  5.0
Charms         | 5 |  5.7
Fighting       | 8 |  8.4
Fire Magic     | 2 7 8 9 12 14 16 17 | 17.1
Evocations     | 8 11 | 11.0
Dodging        | |  1.7
Stealth        | |  1.7
Summonings     | |  1.0
Translocations | |  0.8

Action                   |  1- 3 |  4- 6 |  7- 9 | 10-12 | 13-15 | 16-18 | 19-21 | 22-24 || total
-------------------------+-------+-------+-------+-------+-------+-------+-------+-------++-------
Melee: Dagger            |    37 |       |       |       |       |       |       |       ||    37
       Short sword       |    38 |    38 |   188 |    17 |       |       |       |       ||   281
       Headbutt          |       |       |    12 |    34 |    45 |     8 |     6 |       ||   105
       Spear             |       |       |       |   274 |     1 |       |       |       ||   275
       Staff             |       |       |       |     1 |    10 |       |     6 |       ||    17
       Scimitar          |       |       |       |       |     8 |       |       |       ||     8
       Morningstar       |       |       |       |       |   300 |    29 |     4 |       ||   333
       Mace              |       |       |       |       |       |       |     7 |       ||     7
Throw: Throwing net      |       |       |       |     1 |     1 |       |       |       ||     2
 Cast: Magic Dart        |    90 |   116 |   160 |   405 |   425 |    54 |   209 |     6 ||  1465
       Mephitic Cloud    |     1 |     5 |    14 |    38 |    39 |     9 |     4 |       ||   110
       Repel Missiles    |     1 |       |     2 |     1 |     2 |       |     2 |       ||     8
       Blink             |       |     3 |       |    17 |    18 |     1 |     1 |     4 ||    44
       Conjure Flame     |       |       |    10 |    28 |    12 |       |       |       ||    50
       Dazzling Spray    |       |       |    12 |   104 |    43 |       |    10 |     1 ||   170
       Searing Ray       |       |       |     8 |     4 |       |       |       |       ||    12
       Iskenderun's Batt |       |       |       |    29 |   140 |    34 |   134 |    22 ||   359
       Iskenderun's Myst |       |       |       |       |   310 |    90 |   360 |    92 ||   852
       Lightning Bolt    |       |       |       |       |    20 |     4 |    64 |    10 ||    98
       Apportation       |       |       |       |       |    16 |     2 |    64 |     3 ||    85
       Fireball          |       |       |       |       |    25 |    29 |   141 |    21 ||   216
       Force Lance       |       |       |       |       |     7 |    14 |   113 |    36 ||   170
       Bolt of Fire      |       |       |       |       |       |       |    39 |     1 ||    40
Invok: Call Merchant     |       |       |       |     2 |     3 |       |     4 |       ||     9
       Potion Petition   |       |       |       |       |       |       |       |     1 ||     1
 Abil: Evoke Invisibilit |       |       |       |       |       |       |     2 |       ||     2
       Evoke Blink       |       |       |       |       |       |       |     1 |     2 ||     3
Evoke: Wand              |       |       |     8 |    11 |    27 |     2 |    10 |       ||    58
       Deck              |       |       |       |     1 |       |       |     3 |       ||     4
       Phial of floods   |       |       |       |     1 |       |     2 |     4 |     1 ||     8
       Fan of gales      |       |       |       |     1 |       |       |     1 |       ||     2
       Lamp of fire      |       |       |       |       |       |       |     2 |       ||     2
       Phantom mirror    |       |       |       |       |       |       |     2 |       ||     2
  Use: Scroll            |     8 |     3 |     7 |    16 |    22 |     3 |    15 |     9 ||    83
       Potion            |       |       |     1 |     1 |     3 |     3 |     5 |       ||    13
 Stab: Confused          |       |     3 |       |    11 |       |       |       |       ||    14
       Sleeping          |       |     2 |     1 |       |       |       |       |       ||     3
       Distracted        |       |       |       |     2 |       |       |       |       ||     2
       Invisible         |       |       |       |     3 |     1 |       |     1 |       ||     5
  Eat: Chunk             |     4 |     9 |     9 |       |       |       |       |       ||    22
       Fruit             |       |       |     9 |     3 |       |     1 |     5 |       ||    18
       Royal jelly       |       |       |     1 |       |     6 |       |       |       ||     7
       Beef jerky        |       |       |       |     3 |     2 |       |     4 |       ||     9
       Pizza             |       |       |       |     8 |       |     2 |     1 |       ||    11
       Bread ration      |       |       |       |     2 |     7 |     2 |     5 |     2 ||    18
Armor: Robe              |    38 |     4 |    11 |     6 |       |       |       |       ||    59
       Leather armour    |       |       |    53 |    76 |   142 |       |       |       ||   271
       Ring mail         |       |       |       |       |     2 |    27 |    76 |    21 ||   126
Dodge: Dodged            |    78 |    20 |    72 |   134 |   194 |    23 |    61 |    25 ||   607
       Deflected         |       |     1 |     4 |     8 |     7 |     2 |     5 |     8 ||    35
Block: Buckler           |       |     1 |    62 |    81 |   117 |    11 |    67 |    21 ||   360
       Reflection        |       |       |       |     3 |     6 |     2 |    31 |     7 ||    49
